Unix NetHack Version 5.0.0-0 post-release - last build May  4 2026 22:22:43 (774f63e81ad911689b3a0859ea89b322d5daca8d,branch:main).

Game began 2026-05-07 11:19:29, ended 2026-05-07 11:47:55.

01245990302, lawful female dwarven Valkyrie

                                           ----------------
                                           |..............|
                                  #@D######-.....+........|
                                           |..............|
                                           -.--------------
                                            #
                                            #
                                            #
                                            #
                                            #
                       --.-------     ------.--
                       |.....?..|     |.......|
                       |.....)...#####|..{....-
                       |..<.....|    #.....?..|
                       ----------     |........
                                      ---------

01245990302 the Skirmisher  St:17 Dx:11 Co:14 In:10 Wi:12 Ch:8  Lawful
Dlvl:3  $:19 HP:0(33) Pw:6(6) AC:6  Xp:4 T:3285  Hungry   Burdened Hallu

Latest messages:
 You see here a quarterstaff.
 You see here a cave spider corpse.
 There is a cave spider corpse here; eat it? [ynq] (n) y
 This cave spider corpse is tough.
 You finish eating the cave spider corpse.
 You see here a quarterstaff.
 You kill the garter snake!
 You see here a scroll labeled PRIRUTSENIE.
 You kill the yellow mold!
 You see here a yellow mold corpse.
 You have a little trouble lifting a yellow mold corpse.  Continue? [ynq] (q) q
 There is a yellow mold corpse here; eat it? [ynq] (n) y
 Ecch - that must have been poisonous!
 Your movements are slowed slightly because of your load.
 You finish eating the yellow mold corpse.
 Oh wow!  Great stuff!
 You hear Neiman and Marcus arguing!
 You see here 7 gold pieces.
 You have a little trouble lifting $ - 7 gold pieces (19 in total).
 The enderman throws a crude dagger!
 You are hit by a crude dagger.
 The soldier just misses!
 You kill the giant mango!
 The door resists!
 The door opens.
 The Archon misses!
 You are getting the munchies.
 What do you want to wield? [- abfkmo or ?*] b
 b - a +0 dagger (weapon in right hand).
 l - a pair of leather gloves (alternate weapon; not wielded).
 The dwarf mummy bites!
 The Luggage bites!
 You hit the vampiric watermelon.
 The white unicorn bites!
 The gray unicorn just misses!
 The housecat bites!
 You hit the big dumb object.
 The bone devil misses!
 You hit the pugasus.
 You miss the clay golem.
 The black dragon bites!
 The bonsai-kitten bites!
 The garter snake bites!
 The mountain centaur bites!
 You die...
 Do you want your possessions identified? [ynq] (y) y
 Do you want to see your attributes? [ynq] (y) y
 Do you want an account of creatures vanquished? [ynaq] (y) y
 Do you want to see your conduct and achievements? [ynq] (y) y
 Do you want to see the dungeon overview? [ynq] (y) y

Inventory:
 Coins    ('$')
  $ - 19 gold pieces
 Weapons  (')')
  m - 7 +0 crossbow bolts
  k - a +0 crossbow
  f - 6 +0 darts
  b - a +0 dagger (weapon in right hand)
  a - a +1 dwarvish spear
  o - a +0 orcish dagger
 Armor    ('[')
  l - an uncursed +0 pair of leather gloves (alternate weapon; not wielded)
  c - an uncursed +3 small shield (being worn)
 Comestibles  ('%')
  n - a cursed egg
 Spellbooks  ('+')
  h - an uncursed spellbook of identify
 Tools    ('(')
  i - an uncursed locked chest containing 3 items
  e - an uncursed oil lamp

Contents of the chest:
  an uncursed carrot
  an uncursed food ration
  an uncursed worthless piece of white glass

01245990302 the Valkyrie's attributes:

Background:
 You were a Skirmisher, a level 4 dwarven Valkyrie.
 You were lawful, nominally on a mission for Tyr
 who was opposed by Odin (neutral) and Loki (chaotic).
 You were right-handed.
 You were in the Dungeons of Doom, on level 3.
 You entered the dungeon 3285 turns ago.
 You had 99 experience points, 61 more were needed to attain level 5.

Basics:
 You had 0 out of 33 hit points.
 You had all 6 energy points (spell power).
 Your armor class was 6.
 Your wallet contained 19 credit chits.
 Autopickup was off.

Final Characteristics:
 Your strength was 17 (peak:18/04, limit:18/100).
 Your dexterity was 11 (limit:20).
 Your constitution was 14 (limit:20).
 Your intelligence was 10 (limit:16).
 Your wisdom was 12 (limit:16).
 Your charisma was 8 (limit:16).

Final Status:
 You were hallucinating.
 You were hungry.
 You were burdened; movement was slightly slowed.
 You were wielding a dagger.
 You had basic skill with dagger.

Final Attributes:
 You were piously aligned.
 You were cold resistant.
 You had infravision.
 You were stealthy.
 You are dead.

Miscellaneous:
 You didn't encounter any bones levels.
 Total elapsed playing time was 28 minutes and 25 seconds.

Major events:
 Turn
    1: 01245990302 the lawful dwarven Valkyrie entered the dungeon
 1304: attained the rank of Skirmisher (level 3)
 3285: killed by a hallucinogen-distorted giant bat

You didn't know any spells.

Skills:
 Fighting Skills
   bare handed combat [Unskilled]
   two weapon combat  [Unskilled]
   riding             [Unskilled]
 Weapon Skills
   dagger             [Basic]
   axe                [Unskilled]
   pick-axe           [Unskilled]
   short sword        [Unskilled]
   broadsword         [Unskilled]
   long sword         [Unskilled]
   two-handed sword   [Unskilled]
   saber              [Unskilled]
   hammer             [Unskilled]
   quarterstaff       [Unskilled]
   polearms           [Unskilled]
   spear              [Basic]
   trident            [Unskilled]
   lance              [Unskilled]
   sling              [Unskilled]
 Spellcasting Skills
   attack spells      [Unskilled]
   escape spells      [Unskilled]

Voluntary challenges:
 Character rerolling was not enabled.
 You were an atheist.
 You never genocided any monsters.
 You never polymorphed an object.
 You never changed form.
 You used no wishes.
Achievement:
 You attained the rank of Skirmisher.

 The Dungeons of Doom: levels 1 to 3
    Level 1:
    Level 2:
       Many altars.
    Level 3: <- You were here.
       A fountain.
       Final resting place for
          you, killed by a hallucinogen-distorted giant bat.


Vanquished creatures:
 an iguana
 an acid blob
  4 coyotes
  a large kobold
  a giant rat
  a cave spider
  a yellow mold
  3 garter snakes
  4 geckos
  7 jackals
  3 foxes
  a kobold
  3 goblins
  8 grid bugs
  7 lichens
  3 kobold zombies
  9 newts
58 creatures vanquished.

No species were genocided or became extinct.

Game over:
                       ----------
                      /          \
                     /    REST    \
                    /      IN      \
                   /     PEACE      \
                  /                  \
                  |   01245990302    |
                  |      19 Au       |
                  |   killed by a    |
                  | hallucinogen-dis |
                  | torted giant bat |
                  |                  |
                  |       2026       |
                 *|     *  *  *      | *
        _________)/\\_//(\/(/\)/\//\/|_)_______

Farvel 01245990302 the Valkyrie...

You died in The Dungeons of Doom on dungeon level 3 with 514 points,
and 19 pieces of gold, after 3285 moves.
You were level 4 with a maximum of 33 hit points when you died.

